 Dungeon Crawl Stone Soup version 0.31-a0-237-g2d982f9f85 (webtiles) character file.

Game seed: 5765056819018124377

79 qw the Shooter (level 4, -6/26 HPs)
             Began as a Gargoyle Hexslinger on July 11, 2023.
             Mangled by Grinder (7 damage)
             ... on level 2 of the Dungeon.
             The game lasted 00:00:36 (1601 turns).

qw the Shooter (Gargoyle Hexslinger)                Turns: 1601, Time: 00:00:37

Health: -6/26      AC: 11    Str: 12    XL:     4   Next: 37%
Magic:  5/5        EV: 10    Int: 13    God:
Gold:   52         SH:  0    Dex: 14    Spells: 4/5 levels left

rFire   . . .        Y - +2 sling
rCold   . . .        (no shield)
rNeg    + . .        c - +0 ring mail
rPois   inf          j - +1 hat
rElec   +            (no cloak)
rCorr   .            g - +0 pair of gloves
SInv    .            l - +0 pair of boots
Will    .....        (no amulet)
Stlth   +            (no ring)
HPRegen 0.24/turn    (no ring)
MPRegen 0.09/turn

%: no passive effects
@: no status effects
A: sickness immunity, AC +3, negative energy resistance 1, electricity
resistance, torment resistance 1, petrification resistance
a: no special abilities


You were on level 2 of the Dungeon.
You visited 1 branch of the dungeon, and saw 3 of its levels.

You collected 163 gold pieces.
You spent 111 gold pieces at shops.


Innate Abilities, Weirdness & Mutations

You are immune to sickness and miasma.
Your stone body is resilient. (AC +3)
You are immune to poison.
You resist negative energy. (rN+)
You are resistant to electric shocks. (rElec)
You are resistant to unholy torment.
You are immune to petrification.


   Skills:
 - Level 2.0 Fighting
 - Level 4.1 Ranged Weapons
 + Level 0.2 Armour
 - Level 1.5 Dodging
 - Level 1.0 Spellcasting
 - Level 2.6 Hexes


You had 4 spell levels left.
You knew the following spells:

 Your Spells              Type           Power      Damage    Failure   Level
a - Slow                  Hex            28%        N/A       22%         1

Your spell library contained the following spells:

 Spells                   Type           Power      Damage    Failure   Level
 Inner Flame              Hex/Fire       4%         N/A       73%         3
 Portal Projectile        Hex/Tloc       8%         N/A       73%         3
 Cause Fear               Hex            3%         N/A       91%         4

Inventory:

Hand Weapons
 Y - a +2 sling (weapon)
Armour
 c - a +0 ring mail (worn)
 g - a +0 pair of gloves (worn)
 j - a +1 hat (worn)
 l - a +0 pair of boots (worn)
Scrolls
 a - 4 scrolls of identify
Potions
 b - a potion of curing
 f - a potion of mutation

Dungeon Overview and Level Annotations

Branches:
Dungeon (3/15)

Altars:

Shops:
D:2 !?

Annotations:
D:2 Grinder


Message History

Grinder hits you but does no damage.
You can move again.
You shoot a sling bullet. The sling bullet barely misses Grinder.
Grinder gestures at you.
You struggle to resist.
You shoot a sling bullet.
The sling bullet hits Grinder but does no damage.
Grinder is lightly wounded.
You feel your willpower return. Grinder hits you.
You writhe in agony.
You shoot a sling bullet. The sling bullet hits Grinder.
Grinder is lightly wounded.
Grinder hits you but does no damage.
You shoot a sling bullet. The sling bullet hits Grinder.
Grinder is moderately wounded.
Grinder gestures at you.
You barely resist. Grinder misses you.
You shoot a sling bullet.
The sling bullet closely misses Grinder.
Grinder hits you.
You shoot a sling bullet.
The sling bullet hits Grinder but does no damage.
Grinder is lightly wounded.
Grinder blinks!
You shoot a sling bullet.
The sling bullet closely misses Grinder.
Grinder gestures at you.
You suddenly lose the ability to move!
Grinder hits you but does no damage.
You can move again.
You shoot a sling bullet.
The sling bullet closely misses Grinder.
Grinder hits you.
You shoot a sling bullet.
The sling bullet closely misses Grinder.
Grinder hits you.
You writhe in agony.
You shoot a sling bullet. The sling bullet hits Grinder.
Grinder is moderately wounded.
Grinder barely misses you. Grinder hits you!
You die...

###'#### #######
#......#
#########
#......#
#........
#......#
#........
#......#
#........
#......#
#........
#......#
#........
#......#
#......%.
#@.....#
#........
#5.....#
#........
#......#
#........
###%####
####+####
#.#########)##..
#.........#.##..
#.#######.#.##..
##......#.#..'..
#.###.##.####..


You could see Grinder.

Vanquished Creatures
  A gnoll (D:1)
  2 adders (D:2)
  6 endoplasms
  A giant cockroach (D:2)
  7 goblins
  3 hobgoblins
  2 jackals (D:2)
  7 ball pythons
  4 bats
  A frilled lizard (D:2)
  6 kobolds
  7 rats
47 creatures vanquished.

Notes
Turn   | Place    | Note
-------+----------+-------------------------------------------
     0 | D:1      | qw the Gargoyle Hexslinger began the quest for the Orb.
     0 | D:1      | Reached XP level 1. HP: 12/12 MP: 2/2
     0 | D:1      | 0 ||| qw: Version: 0.3-a-52-g30416fa
     0 | D:1      | 0 ||| qw: Game counter: 5568
     0 | D:1      | 0 ||| qw: Melee chars always use a shield: true
     0 | D:1      | 0 ||| qw: God list: Okawaru
     0 | D:1      | 0 ||| qw: Allow faded altars: false
     0 | D:1      | 0 ||| qw: Do Orc after clearing Dungeon:15 true
     0 | D:1      | 0 ||| qw: Do second Lair branch before Depths: true
     0 | D:1      | 0 ||| qw: Lair rune preference: random
     0 | D:1      | 0 ||| qw: Goals: Normal
     0 | D:1      | 0 ||| PLANNING D:1-11
   199 | D:1      | Reached XP level 2. HP: 16/16 MP: 3/3
   206 | D:1      | Found a faded altar of an unknown god.
   242 | D:1      | Reached skill level 3 in Ranged Weapons
   257 | D:1      | Reached XP level 3. HP: 20/20 MP: 4/4
   525 | D:1      | 525 ||| UPGRADING to +0 leather armour.
   535 | D:1      | 535 ||| DROPPING +0 robe.
   536 | D:1      | 536 ||| UPGRADING to +0 pair of gloves.
   541 | D:1      | 541 ||| UPGRADING to +1 hat.
   546 | D:1      | 546 ||| READING 2 scrolls labelled SEPHANUIGU.
   547 | D:1      | 547 ||| READING 2 scrolls labelled DEMOTZ HUN VAD.
   548 | D:1      | 548 ||| READING scroll labelled PECUACKAROGH.
   549 | D:1      | 549 ||| READING scroll labelled RAZASY URATAA.
   550 | D:1      | 550 ||| DRINKING 2 bubbling cyan potions.
   655 | D:1      | 655 ||| DROPPING scroll of poison.
   656 | D:1      | 656 ||| DROPPING scroll of blinking.
   657 | D:1      | 657 ||| DROPPING potion of berserk rage.
   677 | D:2      | Found Wuofeusm's Distillery.
   682 | D:2      | 682 ||| BUYING potion of curing (39 gold).
   682 | D:2      | Bought a potion of curing for 39 gold pieces
   682 | D:2      | 682 ||| SHOPLISTING potion of curing (39 gold, have 32).
   916 | D:2      | Found Gowamif's Magic Scroll Shop.
   919 | D:2      | 919 ||| BUYING 2 scrolls of identify (48 gold).
   919 | D:2      | Bought 2 scrolls of identify for 48 gold pieces
   919 | D:2      | 919 ||| BUYING scroll of identify (24 gold).
   919 | D:2      | Bought a scroll of identify for 24 gold pieces
   919 | D:2      | 919 ||| SHOPLISTING scroll of identify (24 gold, have 10).
   951 | D:2      | Reached XP level 4. HP: 26/26 MP: 5/5
  1422 | D:2      | Reached skill level 4 in Ranged Weapons
  1532 | D:2      | 1532 ||| UPGRADING to +0 ring mail.
  1542 | D:2      | 1542 ||| DROPPING +0 leather armour.
  1543 | D:2      | 1543 ||| UPGRADING to +0 pair of boots.
  1548 | D:2      | 1548 ||| READING scroll labelled UFEGUSCH HOEMI.
  1549 | D:2      | 1549 ||| READING scroll labelled SOGGUUN EMUXA.
  1550 | D:2      | 1550 ||| READING 3 scrolls labelled MIYSEEPNUDD.
  1551 | D:2      | 1551 ||| READING 6 scrolls of identify.
  1551 | D:2      | 1551 ||| IDENTIFYING amethyst potion
  1552 | D:2      | 1552 ||| READING 5 scrolls of identify.
  1552 | D:2      | 1552 ||| IDENTIFYING clear potion
  1553 | D:2      | 1553 ||| DROPPING potion of brilliance.
  1554 | D:2      | 1554 ||| DROPPING 2 scrolls of vulnerability.
  1575 | D:3      | Noticed Grinder
  1585 | D:3      | 1585 ||| STAIRDANCE
  1587 | D:2      | Paralysed by Grinder for 4 turns
  1597 | D:2      | Paralysed by Grinder for 2 turns
  1600 | D:2      | HP: 3/26 [Grinder (5)]
  1600 | D:2      | HP: 1/26 [Grinder (2)]
  1601 | D:2      | Mangled by Grinder

Levels and vault maps discovered:
D:1:      heliophobic_arrival_enchanted_forest, layout_loops_cross,
          basic_ecumenical_altar, minmay_misc_feat_pillars,
          minmay_small_reverse_x
D:2:      layout_basic, serial_shops,
          nicolae_shop_temple_entry_statues_fountains, shop
D:3:      layout_loops_ring, uniq_grinder, uniq_ijyb

Skill      XL: |  1  2  3  4 |
---------------+-------------+-----
Ranged Weapons | 3 4 |  4.1
Fighting       | 2 |  2.0
Armour         | |  0.2
Dodging        | |  1.5
Spellcasting   | |  1.0
Hexes          | |  2.6

Action                     |  1- 3 |  4- 6 || total
---------------------------+-------+-------++-------
   Fire: Sling             |    87 |    40 ||   127
    Use: Scroll            |     4 |     5 ||     9
         Potion            |     1 |       ||     1
 Armour: Leather armour    |     9 |     5 ||    14
         Robe              |     4 |       ||     4
         Ring mail         |       |     4 ||     4
  Dodge: Dodged            |    22 |    10 ||    32

Table legend:
 A = Non-vault XP
 B = Vault XP
 C = Vault XP percentage of total XP
 D = Non-vault monster count
 E = Vault monster count
 F = Vault count percentage of total count
                 A         B        C        D         E       F
            +---------+---------+-------+---------+---------+-------
      Total |     108 |       5 |   4.4 |      43 |       4 |   8.5
            +---------+---------+-------+---------+---------+-------
        D:1 |      45 |       5 |  10.0 |      19 |       4 |  17.4
        D:2 |      59 |       0 |   0.0 |      22 |       0 |   0.0
        D:3 |       4 |       0 |   0.0 |       2 |       0 |   0.0
            +---------+---------+-------+---------+---------+-------
